AoeStats
← PILLOSAURIO

Arabia

510406800Analyzed
1v1 RM · 22h ago on Sep 30, 2026· 23m 6s· 2 players
Game mode
Random Map
Map size
Tiny (2 player)
Population
200
Speed
Normal
Resources
Standard
Victory
Conquest
Starting age
Dark Age
Ending age
Imperial Age
RankedLock teamsTeams togetherTeam positionsShared explorationLock speedFull tech treeHidden civsTurbo modeCheats
Victory
Defeat
🇪🇸 Byzantines · Spain
1330
+16
🇵🇱 Teutons · Poland
1323
-16
Mordimer
6:27 Loom
9:56 Feudal Age
18:58 Fletching
PILLOSAURIO
2:35 Loom
7:00 Loom
9:28 Feudal Age
10:27 Double-Bit Axe
17:25 Horse Collar
22:34 Castle Age
Connection lost

Rejoining the realm…

Still unreachable

The connection could not be restored.

Session expired

The server has moved on; the page needs a fresh start.